 Dungeon Crawl Stone Soup version 0.29-a0-330-g52719c12eb (webtiles) character file.

Game seed: 1015773829172185380

161 Anon1729 the Skirmisher (level 5, -9/41 HPs)
             Began as a Mummy Monk on May 15, 2022.
             Splashed by a jelly's acid (10 damage)
             ... on level 3 of the Dungeon.
             The game lasted 00:02:53 (3224 turns).

Anon1729 the Skirmisher (Mummy Monk)                Turns: 3224, Time: 00:02:54

Health: -9/41      AC: -10   Str: 15    XL:     5   Next: 19%
Magic:  7/7        EV: 13    Int: 11    God:
Gold:   132        SH:  0    Dex: 14    Spells: 7/7 levels left

rFire   x . .      SeeInvis .   a - +0 short sword
rCold   + . .      Faith    .   (no shield)
rNeg    + + +      Spirit   .   b - +0 robe
rPois   ∞          Reflect  .   (no helmet)
rElec   .          Harm     .   (no cloak)
rCorr   .          Rampage  .   (no gloves)
Will    .....                   (no boots)
Stlth   ++........              (no amulet)
HPRegen 0.13/turn               d - +4 ring of slaying
MPRegen 0.10/turn               f - ring of flight

@: about to teleport, corroded, flying
A: cold resistance 1, negative energy resistance 3, torment resistance 2, heat
vulnerability 1, in touch with death 1, no potions
a: no special abilities


You were on level 3 of the Dungeon.
You visited 1 branch of the dungeon, and saw 3 of its levels.

You collected 132 gold pieces.

Inventory:

Hand Weapons
 a - a +0 short sword (weapon)
Armour
 b - a +0 robe (worn)
 g - a +2 ring mail of cold resistance
Jewellery
 d - a +4 ring of slaying (left hand)
 f - a ring of flight (right hand)
Scrolls
 c - 4 scrolls of identify {unknown}
 e - a scroll of summoning {unknown}
 h - a scroll of teleportation
 i - a scroll of fear {unknown}
 j - a scroll of fog {unknown}


   Skills:
 + Level 3.6 Fighting
 + Level 2.9 Short Blades
 + Level 2.9 Dodging
 + Level 2.3 Stealth
 + Level 1.6 Spellcasting
 + Level 1.4 Hexes
 + Level 1.5 Necromancy


You had 7 spell levels left.
You didn't know any spells.
Your spell library contained the following spells:

 Spells                   Type           Power      Damage    Failure   Level
 Ignite Poison            Fire/Tmut/Pois 0%         N/A       67%         3
 Mephitic Cloud           Conj/Pois/Air  0%         N/A       67%         3
 Freezing Cloud           Conj/Ice/Air   0%         6-21      100%        5


Dungeon Overview and Level Annotations

Branches:
Dungeon (3/15)

Altars:


Innate Abilities, Weirdness & Mutations

You are immune to poison.
Your flesh is cold resistant. (rC+)
You are immune to negative energy. (rN+++)
You are immune to unholy pain and torment.
You are vulnerable to heat. (rF-)
You are in touch with the powers of death.
You do not drink.


Message History

a +0 shortbow; a centaur corpse
Found a leather armour.
A kobold and a jelly come into view.
The kobold is wielding a +0 club and quivering poisoned darts.
The kobold shouts!
There are monsters nearby!
There are monsters nearby!
There are monsters nearby!
The jelly quivers.
You hit the kobold.
You kill the kobold!
Things that are here:
a +0 club; 3 poisoned darts; a kobold corpse The jelly jiggles.
You hit the jelly. The acid corrodes you!
Your hands burn!
The jelly is moderately wounded.
The orc throws a stone.
The stone barely misses you.
The stone barely misses the jelly.
The jelly closely misses you. The jelly attacks as you move away!
The jelly closely misses you.
You hit the jelly.
Your hands burn!
The jelly is heavily wounded.
You hit the jelly.
Your hands burn!
The jelly is severely wounded.
The jelly closely misses you.
You hit the jelly but do no damage.
Your hands burn!
The jelly is severely wounded.
The orc throws a stone.
The stone closely misses you. The jelly hits you. The acid corrodes you!
You are splashed with acid!
You hit the jelly but do no damage. The acid corrodes you!
Your hands burn!
The jelly is severely wounded.
The jelly hits you.
* * * LOW HITPOINT WARNING * * *
You are splashed with acid!
* * * LOW HITPOINT WARNING * * *
As you read the scroll labelled FUKEST INNOCWO, it crumbles to dust.
You feel strangely unstable.
It was a scroll of teleportation.
The jelly hits you.
* * * LOW HITPOINT WARNING * * *
The acid corrodes you!
You are splashed with acid!
You die...

...............<....#
#.###..
......#......##))...#
#.#....
#####.##.##..##.....#
#.#.#.# # #.....########
#.#.#.#
.....###########.....#
##o...# #..[....###.###
#.######.##.##.###.# #o#
#......#.......#
#####..##@###.###..#####
.......oJ......#.#.#
######.######.....# #.#
#..#### #)# #..# #..#
#..# #...# #..# .....#
#..# ....... #..#


You could see a jelly and an orc.

Vanquished Creatures
  A centaur (D:3)
  2 adders
  2 worms (D:2)
  3 dart slugs
  5 ball pythons
  4 bats (D:1)
  2 endoplasms (D:1)
  4 giant cockroaches
  6 goblins
  2 hobgoblins
  4 quokkas
  2 frilled lizards
  7 kobolds
  8 rats
52 creatures vanquished.

Notes
Turn   | Place    | Note
-------+----------+-------------------------------------------
     0 | D:1      | Anon1729 the Mummy Monk began the quest for the Orb.
     0 | D:1      | Reached XP level 1. HP: 18/18 MP: 1/1
   488 | D:1      | Reached XP level 2. HP: 24/24 MP: 2/2
   959 | D:1      | Found a faded altar of an unknown god.
  1116 | D:1      | Gained mutation: You are in touch with the powers of death.
                  | [Mummy growth]
  1116 | D:1      | Reached XP level 3. HP: 24/29 MP: 3/3
  1792 | D:2      | Reached skill level 1 in Hexes
  1792 | D:2      | Reached skill level 1 in Necromancy
  2069 | D:2      | Noticed an ogre
  2527 | D:3      | Reached skill level 1 in Spellcasting
  2527 | D:3      | Reached XP level 4. HP: 32/35 MP: 5/5
  3089 | D:3      | Noticed a centaur
  3097 | D:3      | Killed a centaur
  3098 | D:3      | Reached XP level 5. HP: 30/41 MP: 5/7
  3223 | D:3      | HP: 2/41 [acid (8)]
  3224 | D:3      | Splashed by a jelly's acid

Illustrated notes

Levels and vault maps discovered:
D:1:      dpeg_arrival_more_subterranean_lakeside_camping, layout_basic,
          shapermc_ecumenical_altar_acropolis
D:2:      layout_loops_ring
D:3:      layout_loops_cross, minmay_pentangle, uniq_terence, uniq_jessica

Skill      XL: |  1  2  3 |
---------------+----------+-----
Stealth        | 2 |  2.3
Hexes          | 1 |  1.4
Necromancy     | 1 |  1.5
Spellcasting   | 1 |  1.6
Fighting       | |  3.6
Short Blades   | |  2.9
Dodging        | |  2.9

Action                   |  1- 3 |  4- 6 || total
-------------------------+-------+-------++-------
Melee: Short sword       |   138 |    27 ||   165
       Punch             |       |     2 ||     2
  Use: Scroll            |       |     1 ||     1
 Stab: Sleeping          |     3 |       ||     3
Armor: Robe              |    24 |     4 ||    28
Dodge: Dodged            |    83 |    18 ||   101

Table legend: (Time is in decaauts)
 A = Elapsed time spent in this place.
 B = Non-inter-level travel time spent in this place.
 C = Inter-level travel time spent in this place.
 D = Time resting spent in this place.
 E = Time spent auto-exploring this place.
 F = Levels seen in this place.
 G = Mean time per level.
                   A        B        C        D        E       F      G
               +--------+--------+--------+--------+--------+-----+--------+
         Total |   3222 |   3128 |     94 |    946 |   1768 |   3 | 1074.0 |
       Dungeon |   3222 |   3128 |     94 |    946 |   1768 |   3 | 1074.0 |
               +--------+--------+--------+--------+--------+-----+--------+

Top non-repeatable levels by time:
     D:1: 1466 daAuts
     D:2: 1430 daAuts
     D:3: 325 daAuts
